General information
- name: BNet
- type: Ladder team game (AT/RT)
- host: Battle.net
- saver: AbsoluteMSTR.
map: Highperch
- players: 6
- length: 90:41
- speed: Fast
- version: 1.26 W3XP
- replay type: Public
» download(527 KB)
Players
team 1 (loser)
JuSt-BeaT-Me (
pink | 68 APM | 5853 actions | 85:44)
3 Blademaster
2 Wind Walk
1 Critical Strike
» actions
| Assign group hotkey | 145 | |
| Basic commands | 1 | |
| Build / train | 76 | |
| Enter build submenu | 20 | |
| Enter hero's abilities submenu | 3 | |
| Give item / drop item | 10 | |
| Remove unit from queue | 10 | |
| Right click | 3980 | |
| Select / deselect | 654 | |
| Select group hotkey | 847 | |
| Use ability | 107 | |
5853 total
» units
» upgrades
» buildings
| Altar of Storms | 1 | |
| Orc Burrow | 5 | |
| Great Hall | 2 | |
| Voodoo Lounge | 4 | |
| Stronghold | 1 | |
| Beastiary | 3 | |
| Fortress | 1 | |
| War Mill | 1 | |
18 total
» build order
00:11 Altar of Storms
00:20 Orc Burrow
04:18 Great Hall
06:01 Voodoo Lounge
06:20 Great Hall
10:40 Stronghold
10:44 Orc Burrow
11:07 Orc Burrow
12:09 Orc Burrow
13:23 Beastiary
13:25 Beastiary
13:27 Beastiary
14:44 Fortress
15:14 Orc Burrow
15:18 War Mill
17:09 Voodoo Lounge
19:20 Voodoo Lounge
19:21 Voodoo Lounge
» items
| Healing Salve | 4 | |
| Lesser Clarity Potion | 2 | |
| Scroll of Speed | 2 | |
| Staff of Teleportation | 4 | |
| Potion of Lesser Invulnerability | 1 | |
| Scroll of Healing | 1 | |
| Boots of Speed | 1 | |
| Orb of Lightning | 1 | |
16 total
nu_del (
blue | 72 APM | 6137 actions | 84:53)
5 Tauren Chieftain
2 War Stomp
3 Endurance Aura
3 Shadow Hunter
2 Hex
1 Healing Wave
» actions
| Assign group hotkey | 33 | |
| Basic commands | 40 | |
| Build / train | 100 | |
| Enter build submenu | 18 | |
| Enter hero's abilities submenu | 8 | |
| Give item / drop item | 8 | |
| Right click | 4081 | |
| Select / deselect | 1471 | |
| Select group hotkey | 153 | |
| Use ability | 225 | |
6137 total
» units
| Peon | 25 | |
| Grunt | 7 | |
| Troll Batrider | 5 | |
| Demolisher | 25 | |
| Kodo Beast | 1 | |
| Troll Witch Doctor | 5 | |
68 total
» upgrades
| Melee Weapons | 1 | |
| Burning Oil | 1 | |
| War Drums Damage Increase | 1 | |
| Witch Doctor Training | 2 | |
5 total
» buildings
| Altar of Storms | 1 | |
| Orc Burrow | 6 | |
| Barracks | 3 | |
| Voodoo Lounge | 2 | |
| Stronghold | 4 | |
| War Mill | 1 | |
| Beastiary | 2 | |
| Fortress | 2 | |
| Spirit Lodge | 1 | |
22 total
» build order
00:12 Altar of Storms
00:18 Orc Burrow
00:35 Barracks
01:29 Orc Burrow
02:15 Voodoo Lounge
02:40 Stronghold
02:40 Stronghold
04:12 War Mill
04:14 Orc Burrow
04:52 Orc Burrow
05:15 Beastiary
06:06 Beastiary
08:09 Orc Burrow
08:19 Orc Burrow
11:20 Fortress
11:20 Fortress
13:47 Barracks
14:23 Barracks
17:08 Spirit Lodge
23:38 Voodoo Lounge
» items
| Healing Salve | 3 | |
| Lesser Clarity Potion | 2 | |
| Scroll of Speed | 1 | |
6 total
Way(of)Life (
green | 80 APM | 7283 actions | 90:39)
5 Death Knight
3 Death Coil
2 Unholy Aura
4 Lich
2 Frost Nova
2 Frost Armor
3 Crypt Lord
1 Impale
2 Spiked Carapace
» actions
| Assign group hotkey | 71 | |
| Basic commands | 128 | |
| Build / train | 89 | |
| Enter build submenu | 33 | |
| Enter hero's abilities submenu | 12 | |
| Give item / drop item | 16 | |
| Right click | 3572 | |
| Select / deselect | 871 | |
| Select group hotkey | 2248 | |
| Use ability | 243 | |
7283 total
» units
| Acolyte | 6 | |
| Ghoul | 3 | |
| Crypt Fiend | 9 | |
| Frost Wyrm | 11 | |
| Obsidian Statue | 2 | |
| Gargoyle | 2 | |
33 total
» upgrades
| Creature Carapace | 3 | |
| Creature Attack | 3 | |
| Web | 1 | |
| Burrow | 1 | |
| Freezing Breath | 1 | |
| Ghoul Frenzy | 1 | |
| Destroyer Form | 1 | |
| Stone Form | 1 | |
12 total
» buildings
| Graveyard | 2 | |
| Crypt | 2 | |
| Altar of Darkness | 1 | |
| Ziggurat | 8 | |
| Tomb of Relics | 1 | |
| Halls of the Dead | 1 | |
| Nerubian Tower | 1 | |
| Black Citadel | 1 | |
| Sacrificial Pit | 1 | |
| Boneyard | 2 | |
| Slaughterhouse | 1 | |
| Spirit Tower | 1 | |
22 total
» build order
00:05 Graveyard
00:09 Graveyard
00:10 Crypt
00:32 Altar of Darkness
00:40 Ziggurat
00:55 Tomb of Relics
01:19 Crypt
01:40 Ziggurat
01:56 Halls of the Dead
02:27 Nerubian Tower
02:30 Ziggurat
04:19 Black Citadel
04:59 Sacrificial Pit
05:02 Ziggurat
05:57 Ziggurat
06:48 Boneyard
06:49 Boneyard
08:18 Ziggurat
08:19 Ziggurat
11:24 Ziggurat
21:48 Slaughterhouse
29:12 Spirit Tower
» items
| Rod of Necromancy | 1 | |
| Potion of Lesser Invulnerability | 2 | |
| Scroll of Protection | 3 | |
| Orb of Corruption | 1 | |
| Scroll of Healing | 2 | |
| Healing Salve | 5 | |
| Lesser Clarity Potion | 4 | |
| Scroll of Speed | 2 | |
| Scroll of Town Portal | 1 | |
| Staff of Teleportation | 3 | |
24 total
team 2 (winner)
AbsoluteMSTR. (
orange | 53 APM | 4812 actions | 90:41)
8 Pandaren Brewmaster
3 Breath of Fire
3 Drunken Brawler
1 Storm Earth and Fire
1 Drunken Haze
» actions
| Assign group hotkey | 112 | |
| Basic commands | 138 | |
| Build / train | 147 | |
| ESC pressed | 11 | |
| Enter build submenu | 89 | |
| Enter hero's abilities submenu | 8 | |
| Give item / drop item | 8 | |
| Right click | 2189 | |
| Select / deselect | 774 | |
| Select group hotkey | 700 | |
| Use ability | 636 | |
4812 total
» units
| Peasant | 25 | |
| Sorceress | 3 | |
| Gryphon Rider | 1 | |
| Priest | 2 | |
| Siege Engine | 2 | |
| Dragonhawk Rider | 2 | |
| Mortar Team | 2 | |
37 total
» upgrades
| Masonry | 3 | |
| Magic Sentry | 1 | |
| Sorceress Training | 2 | |
| Lumber Harvesting | 1 | |
| Storm Hammers | 1 | |
| Priest Training | 2 | |
| Barrage | 1 | |
| Armor | 3 | |
| Animal War Training | 1 | |
| Flare | 1 | |
| Fragmentation Shards | 1 | |
17 total
» buildings
| Lumber Mill | 3 | |
| Farm | 14 | |
| Scout Tower | 115 | |
| Altar of Kings | 1 | |
| Arcane Tower | 7 | |
| Guard Tower | 49 | |
| Keep | 2 | |
| Castle | 1 | |
| Arcane Sanctum | 2 | |
| Gryphon Aviary | 3 | |
| Arcane Vault | 1 | |
| Blacksmith | 1 | |
| Barracks | 1 | |
| Workshop | 2 | |
202 total
» build order
00:39 Lumber Mill
00:41 Farm
00:44 Scout Tower
00:51 Scout Tower
01:02 Altar of Kings
01:04 Farm
01:12 Arcane Tower
01:17 Arcane Tower
01:17 Arcane Tower
01:19 Scout Tower
01:21 Scout Tower
01:23 Scout Tower
01:45 Scout Tower
01:47 Guard Tower
01:49 Scout Tower
01:50 Guard Tower
02:03 Scout Tower
02:06 Scout Tower
02:15 Guard Tower
02:17 Scout Tower
02:19 Scout Tower
02:34 Scout Tower
02:37 Farm
02:44 Guard Tower
02:44 Guard Tower
02:45 Scout Tower
02:47 Scout Tower
02:50 Guard Tower
02:52 Scout Tower
02:53 Scout Tower
03:14 Arcane Tower
03:16 Guard Tower
03:16 Guard Tower
03:16 Guard Tower
03:18 Scout Tower
03:19 Scout Tower
03:30 Farm
03:44 Guard Tower
04:23 Guard Tower
04:24 Scout Tower
04:25 Scout Tower
04:53 Keep
05:16 Guard Tower
06:20 Scout Tower
06:23 Scout Tower
06:24 Scout Tower
06:30 Scout Tower
06:32 Scout Tower
06:32 Scout Tower
06:33 Scout Tower
06:34 Scout Tower
06:35 Scout Tower
06:36 Scout Tower
06:36 Scout Tower
06:39 Scout Tower
06:41 Scout Tower
06:42 Scout Tower
06:43 Scout Tower
07:10 Guard Tower
07:48 Guard Tower
07:55 Castle
07:57 Arcane Sanctum
07:59 Arcane Sanctum
08:18 Guard Tower
08:34 Guard Tower
08:55 Guard Tower
08:56 Scout Tower
08:57 Scout Tower
09:17 Scout Tower
10:25 Guard Tower
10:58 Scout Tower
10:59 Scout Tower
10:59 Scout Tower
10:59 Scout Tower
11:04 Arcane Tower
11:12 Guard Tower
11:13 Scout Tower
11:13 Scout Tower
11:14 Scout Tower
11:37 Guard Tower
11:49 Scout Tower
11:49 Scout Tower
11:50 Scout Tower
11:50 Scout Tower
11:50 Scout Tower
12:16 Guard Tower
12:17 Scout Tower
12:19 Scout Tower
12:20 Guard Tower
12:50 Guard Tower
12:53 Scout Tower
12:53 Scout Tower
12:53 Scout Tower
12:54 Scout Tower
13:33 Guard Tower
13:33 Guard Tower
13:35 Scout Tower
13:36 Scout Tower
13:40 Guard Tower
14:24 Guard Tower
14:52 Guard Tower
14:52 Guard Tower
14:53 Guard Tower
14:53 Guard Tower
14:56 Scout Tower
14:56 Scout Tower
15:26 Scout Tower
15:27 Scout Tower
15:27 Scout Tower
15:29 Guard Tower
15:40 Scout Tower
15:40 Scout Tower
15:41 Scout Tower
15:42 Scout Tower
16:23 Guard Tower
16:25 Scout Tower
16:25 Scout Tower
16:25 Scout Tower
16:26 Scout Tower
16:26 Scout Tower
16:27 Scout Tower
16:28 Scout Tower
16:28 Scout Tower
16:30 Scout Tower
16:30 Scout Tower
17:09 Guard Tower
17:31 Guard Tower
17:39 Scout Tower
17:39 Scout Tower
17:39 Scout Tower
17:40 Scout Tower
17:41 Scout Tower
17:41 Scout Tower
17:42 Scout Tower
17:42 Scout Tower
18:28 Scout Tower
18:28 Scout Tower
18:29 Scout Tower
18:29 Scout Tower
18:39 Guard Tower
18:41 Scout Tower
18:42 Scout Tower
18:42 Scout Tower
18:43 Scout Tower
18:43 Scout Tower
18:44 Scout Tower
19:00 Farm
19:00 Farm
19:08 Guard Tower
19:08 Guard Tower
19:46 Guard Tower
19:48 Scout Tower
19:49 Scout Tower
19:51 Scout Tower
19:54 Scout Tower
20:02 Guard Tower
20:28 Guard Tower
21:22 Guard Tower
22:31 Gryphon Aviary
22:31 Gryphon Aviary
22:31 Gryphon Aviary
22:32 Arcane Vault
22:36 Farm
22:36 Farm
22:36 Farm
22:36 Farm
22:37 Farm
22:37 Farm
24:44 Blacksmith
25:04 Barracks
26:28 Workshop
26:29 Workshop
37:35 Scout Tower
37:35 Scout Tower
37:40 Scout Tower
37:41 Scout Tower
37:51 Scout Tower
37:53 Scout Tower
38:37 Guard Tower
39:39 Lumber Mill
39:51 Lumber Mill
42:48 Scout Tower
42:58 Scout Tower
43:40 Arcane Tower
44:18 Scout Tower
44:24 Scout Tower
44:29 Scout Tower
44:36 Scout Tower
44:52 Guard Tower
44:55 Guard Tower
45:13 Guard Tower
45:15 Scout Tower
45:20 Scout Tower
46:35 Arcane Tower
57:45 Keep
» items
| Lesser Clarity Potion | 6 | |
| Healing Salve | 4 | |
| Boots of Speed | 1 | |
| Staff of Teleportation | 2 | |
| Orb of Lightning | 2 | |
| Scroll of Speed | 3 | |
| Potion of Healing | 1 | |
| Potion of Mana | 1 | |
| Scroll of Town Portal | 3 | |
| Tiny Great Hall | 1 | |
24 total
EuropeOldRot (
red | 50 APM | 4530 actions | 90:40)
9 Pandaren Brewmaster
3 Breath of Fire
3 Drunken Brawler
1 Storm Earth and Fire
2 Drunken Haze
» actions
| Assign group hotkey | 165 | |
| Basic commands | 85 | |
| Build / train | 147 | |
| Enter build submenu | 27 | |
| Enter hero's abilities submenu | 9 | |
| Give item / drop item | 6 | |
| Right click | 2182 | |
| Select / deselect | 679 | |
| Select group hotkey | 702 | |
| Use ability | 527 | |
4530 total
» units
| Peon | 11 | |
| Troll Batrider | 87 | |
| Raider | 6 | |
104 total
» upgrades
| Armor | 3 | |
| Liquid Fire | 1 | |
| Reinforced Defenses | 1 | |
| Ensnare | 1 | |
| Backpack | 1 | |
7 total
» buildings
| Altar of Storms | 1 | |
| Orc Burrow | 6 | |
| War Mill | 3 | |
| Voodoo Lounge | 3 | |
| Stronghold | 1 | |
| Watch Tower | 1 | |
| Fortress | 1 | |
| Beastiary | 4 | |
20 total
» build order
00:10 Altar of Storms
00:12 Orc Burrow
00:14 Orc Burrow
01:56 War Mill
01:59 War Mill
02:03 War Mill
02:50 Voodoo Lounge
03:12 Orc Burrow
04:15 Voodoo Lounge
04:34 Stronghold
05:31 Watch Tower
07:59 Fortress
08:00 Beastiary
08:03 Beastiary
08:05 Beastiary
08:08 Orc Burrow
08:10 Orc Burrow
08:15 Beastiary
12:48 Voodoo Lounge
36:23 Orc Burrow
» items
| Staff of Teleportation | 1 | |
| Boots of Speed | 1 | |
| Healing Salve | 2 | |
| Lesser Clarity Potion | 4 | |
| Scroll of Speed | 5 | |
| Potion of Healing | 1 | |
| Scroll of Town Portal | 4 | |
| Orb of Lightning | 2 | |
| Circlet of Nobility | 1 | |
21 total
kungfu.panda (
teal | 24 APM | 2133 actions | 90:40)
6 Pandaren Brewmaster
3 Breath of Fire
2 Drunken Brawler
1 Storm Earth and Fire
» actions
| Assign group hotkey | 27 | |
| Basic commands | 29 | |
| Build / train | 78 | |
| Enter build submenu | 53 | |
| Enter hero's abilities submenu | 6 | |
| Give item / drop item | 6 | |
| Remove unit from queue | 2 | |
| Right click | 1003 | |
| Select / deselect | 455 | |
| Select group hotkey | 305 | |
| Use ability | 169 | |
2133 total
» units
| Wisp | 34 | |
| Druid of the Talon | 10 | |
44 total
» upgrades
| Ultravision | 1 | |
| Well Spring | 1 | |
| Druid of the Talon Training | 1 | |
| Nature's Blessing | 1 | |
| Strength of the Wild | 1 | |
| Reinforced Hides | 0 | |
5 total
» buildings
| Altar of Elders | 1 | |
| Moon Well | 36 | |
| Tree of Life | 3 | |
| Tree of Ages | 2 | |
| Hunter's Hall | 1 | |
| Tree of Eternity | 2 | |
| Ancient of Wind | 1 | |
46 total
» build order
00:04 Altar of Elders
00:05 Moon Well
04:30 Moon Well
04:32 Moon Well
04:34 Moon Well
04:39 Moon Well
04:43 Moon Well
05:26 Moon Well
05:28 Moon Well
05:40 Moon Well
06:33 Moon Well
06:34 Moon Well
07:58 Tree of Life
08:32 Moon Well
08:33 Moon Well
08:53 Moon Well
09:03 Tree of Ages
09:30 Hunter's Hall
09:38 Tree of Life
11:08 Moon Well
11:12 Moon Well
11:20 Moon Well
11:56 Moon Well
12:19 Moon Well
12:51 Tree of Eternity
12:58 Moon Well
13:16 Moon Well
13:47 Moon Well
13:49 Moon Well
14:56 Moon Well
15:57 Moon Well
16:51 Moon Well
17:52 Moon Well
17:53 Moon Well
17:55 Moon Well
17:55 Moon Well
18:01 Moon Well
18:07 Moon Well
18:15 Moon Well
18:17 Moon Well
18:18 Moon Well
21:25 Tree of Life
23:31 Moon Well
25:36 Tree of Ages
29:28 Ancient of Wind
29:44 Tree of Eternity
» items
| Scroll of Speed | 2 | |
| Healing Salve | 1 | |
| Lesser Clarity Potion | 2 | |
| Potion of Healing | 2 | |
| Orb of Lightning | 1 | |
| Tiny Great Hall | 1 | |
9 total
Chat log
(00:09 / Allies) AbsoluteMSTR.: yeck pet
(00:24 / Allies) AbsoluteMSTR.: 2 orc probably double bm
(01:10 / Allies) AbsoluteMSTR.: gold
(02:10 / Allies) AbsoluteMSTR.: orc shops
(02:31 / Allies) EuropeOldRot: get 2 the wall
(03:04 / Allies) AbsoluteMSTR.: hey
(03:07 / Allies) AbsoluteMSTR.: that aint no
(03:22 / Allies) AbsoluteMSTR.: we need to creep
(04:07 / Allies) AbsoluteMSTR.: getw isps to safe place
(04:19 / Allies) AbsoluteMSTR.: 1 panda bsed?
(04:28 / Allies) AbsoluteMSTR.: TEAMWORK
(04:29 / Allies) AbsoluteMSTR.: EYAH
(04:37 / Allies) AbsoluteMSTR.: no shops
(04:38 / Allies) AbsoluteMSTR.: no wells
(04:40 / Allies) AbsoluteMSTR.: no pandas
(04:41 / Allies) EuropeOldRot: im proud to be a part of the undead coalition
(04:51 / Allies) AbsoluteMSTR.: now those wisps are safe
(04:59 / Allies) EuropeOldRot: this is going to be a tough one after all
(05:05 / Allies) AbsoluteMSTR.: teh safest panda is oen that isnt on the mpa
(05:10 / Allies) kungfu.panda: god damn i thought i was oarang
(05:10 / Allies) AbsoluteMSTR.: the safest wips is a detonated one
(05:12 / Allies) AbsoluteMSTR.: SAFE
(05:18 / Allies) kungfu.panda: shut up you ass
(05:53 / Allies) AbsoluteMSTR.: get bats on time
(05:56 / Allies) AbsoluteMSTR.: his beastiary alreayd going up
(05:58 / Allies) EuropeOldRot: zlex go to their expo
(06:01 / Allies) EuropeOldRot: and get hat mana potion
(06:04 / Allies) EuropeOldRot: and chop the expo
(07:04 / Allies) AbsoluteMSTR.: at least i killed his expo
(07:15 / Allies) kungfu.panda: a shade
(07:19 / Allies) kungfu.panda: wish we had one
(07:24 / Allies) AbsoluteMSTR.: micahel expo btoh expos
(07:32 / Allies) AbsoluteMSTR.: SIEJAFILNGS'
(07:52 / Allies) AbsoluteMSTR.: get taha tfukcing pbm
(08:15 / Allies) AbsoluteMSTR.: mass welsl
(08:30 / Allies) EuropeOldRot: they have bats already
(08:37 / Allies) AbsoluteMSTR.: they have sige
(08:45 / Allies) AbsoluteMSTR.: that bm raped us so hard
(08:50 / Allies) AbsoluteMSTR.: i am going to paypal him to at with me after this
(09:15 / Allies) EuropeOldRot: make a huntresses hall next to your well at your base
(09:19 / Allies) EuropeOldRot: that will block him out forever
(09:50 / Allies) AbsoluteMSTR.: bats
(09:53 / Allies) AbsoluteMSTR.: we need bats
(09:58 / Allies) AbsoluteMSTR.: PANDAS
(10:00 / Allies) AbsoluteMSTR.: WE NEED PANDAS
(10:03 / Allies) AbsoluteMSTR.: gaME OVER
(10:05 / Allies) AbsoluteMSTR.: AAAAAAAAAAAAAAAAAAAAA
(10:37 / Allies) kungfu.panda: 2 second delay
(10:47 / Allies) AbsoluteMSTR.: we have 3 empty 300 wells
(10:50 / Allies) AbsoluteMSTR.: 3 lvel 1 pands
(10:52 / Allies) AbsoluteMSTR.: and some dead towers
(11:57 / Allies) AbsoluteMSTR.: HLEP
(12:00 / Allies) AbsoluteMSTR.: I NEED WELLS
(12:56 / Allies) AbsoluteMSTR.: OUTTA WOOD
(13:51 / Allies) AbsoluteMSTR.: im broke somehow
(14:10 / Allies) AbsoluteMSTR.: BACK
(14:11 / Allies) AbsoluteMSTR.: NO
(14:12 / Allies) kungfu.panda: i tped like 5 times there
(14:16 / Allies) AbsoluteMSTR.: NAH
(14:18 / Allies) AbsoluteMSTR.: ONES ENOUGH
(14:28 / Allies) AbsoluteMSTR.: WOOD me
(14:46 / Allies) AbsoluteMSTR.: GOLD ME
(15:01 / Allies) AbsoluteMSTR.: we onyl have one panda
(15:05 / Allies) AbsoluteMSTR.: that aint he plan
(15:20 / Allies) AbsoluteMSTR.: 425
(15:47 / Allies) AbsoluteMSTR.: bats
(15:57 / Allies) AbsoluteMSTR.: our timing sufkcing hrorible
(16:00 / Allies) AbsoluteMSTR.: e go forewrad to breath
(16:02 / Allies) AbsoluteMSTR.: hen theyre 3 screen back
(17:26 / Allies) kungfu.panda: this sucks
(17:45 / Allies) AbsoluteMSTR.: MORE wells
(18:23 / Allies) AbsoluteMSTR.: 50 food of bats pls milord
(19:04 / Allies) kungfu.panda: i never even got 4
(19:05 / Allies) kungfu.panda: 3
(20:48 / Allies) AbsoluteMSTR.: lmao
(21:16 / Allies) AbsoluteMSTR.: BATMAN
(21:35 / Allies) EuropeOldRot: muy mine is dead im poor michael remake ur main
(21:36 / Allies) AbsoluteMSTR.: invis ur bats here
(21:44 / Allies) AbsoluteMSTR.: no
(21:46 / Allies) AbsoluteMSTR.: 430 gold
(21:47 / Allies) AbsoluteMSTR.: in that
(21:48 / Allies) AbsoluteMSTR.: tech ur expo
(21:50 / Allies) AbsoluteMSTR.: u can move it later
(21:58 / Allies) AbsoluteMSTR.: our bat trading SAUCKS
(22:12 / Allies) EuropeOldRot: youre the one doing it
(22:46 / Allies) kungfu.panda: can we creep a side real quick
(22:51 / Allies) kungfu.panda: or get an alch
(22:51 / Allies) AbsoluteMSTR.: no
(22:52 / Allies) AbsoluteMSTR.: NO
(22:54 / Allies) AbsoluteMSTR.: tribreath the putls
(22:55 / Allies) AbsoluteMSTR.: NOW
(22:55 / Allies) AbsoluteMSTR.: three
(23:59 / Allies) AbsoluteMSTR.: waht are youd oing
(24:25 / Allies) kungfu.panda: should i bother to tech my main
(24:29 / Allies) kungfu.panda: i dont usually get units
(24:33 / Allies) AbsoluteMSTR.: iw anna perch
(24:35 / Allies) AbsoluteMSTR.: gold me
(24:36 / Allies) AbsoluteMSTR.: 4k
(25:05 / Allies) kungfu.panda: if i need to feed you guys theres no way i can make my own units
(25:09 / Allies) AbsoluteMSTR.: ya just feed
(25:11 / Allies) AbsoluteMSTR.: we need a dott tho
(25:13 / Allies) AbsoluteMSTR.: i dont WANT tinker
(25:25 / Allies) EuropeOldRot: gj
(25:32 / Allies) EuropeOldRot: that was all you
(25:50 / Allies) AbsoluteMSTR.: dont
(25:51 / Allies) AbsoluteMSTR.: run deep
(25:53 / Allies) AbsoluteMSTR.: into suicide land this time
(25:55 / Allies) AbsoluteMSTR.: whoever tha twas
(25:57 / Allies) EuropeOldRot: start breahtign that dk
(26:00 / Allies) AbsoluteMSTR.: michael gold me 3k and ill break
(26:09 / Allies) kungfu.panda: dont have anything
(26:17 / Allies) AbsoluteMSTR.: how are we all poor
(26:18 / Allies) AbsoluteMSTR.: this is bad
(26:45 / Allies) AbsoluteMSTR.: michael reveive ur hero
(27:07 / Allies) kungfu.panda: they about 7000
(27:10 / Allies) kungfu.panda: gold
(27:12 / Allies) kungfu.panda: total
(28:03 / Allies) kungfu.panda: we got some creeps we can lvl stuff with
(28:04 / Allies) AbsoluteMSTR.: ]we havent done one tribreath all game
(28:16 / Allies) AbsoluteMSTR.: b
(28:17 / Allies) AbsoluteMSTR.: b
(28:24 / Allies) AbsoluteMSTR.: yovue done that twice now
(28:30 / Allies) kungfu.panda: three times
(28:38 / Allies) AbsoluteMSTR.: you cant wait for htem to start chasing us
(28:42 / Allies) AbsoluteMSTR.: to run after the siege that he pulled bkck
(29:01 / Allies) AbsoluteMSTR.: yorue on you rown since you usnhared
(29:10 / Allies) AbsoluteMSTR.: whers the dott
(29:12 / Allies) AbsoluteMSTR.: is there ogin to be a dot
(29:13 / Allies) AbsoluteMSTR.: answer me
(29:55 / Allies) AbsoluteMSTR.: no sarcasm
(29:57 / Allies) AbsoluteMSTR.: are we working on a dott
(29:58 / Allies) AbsoluteMSTR.: or doing tinker
(30:06 / Allies) AbsoluteMSTR.: tommy
(30:08 / Allies) AbsoluteMSTR.: if youre not breoke
(30:09 / Allies) kungfu.panda: why are you killing those creeps
(30:11 / Allies) AbsoluteMSTR.: get enshare and raiders
(30:17 / All) Way(of)Life: nice mh fuckers
(30:20 / Allies) AbsoluteMSTR.: michael
(30:23 / Allies) AbsoluteMSTR.: godl tommt 1500
(30:25 / Allies) AbsoluteMSTR.: for raiders
(30:30 / Allies) AbsoluteMSTR.: ud and orc have no long distance air
(30:31 / Allies) EuropeOldRot: i dotn want raiders
(30:33 / Allies) EuropeOldRot: those are a waste of food
(30:34 / Allies) AbsoluteMSTR.: get them
(30:39 / Allies) AbsoluteMSTR.: u cant even win bat trades
(30:42 / Allies) AbsoluteMSTR.: with no godl advantage
(30:44 / Allies) AbsoluteMSTR.: u jsut run out of bats
(30:48 / Allies) AbsoluteMSTR.: get hh then
(30:50 / Allies) AbsoluteMSTR.: uy hve to get land
(31:17 / Allies) AbsoluteMSTR.: is end helaty gryphon
(31:17 / Allies) AbsoluteMSTR.: no
(32:16 / Allies) AbsoluteMSTR.: dont bat wyrms
(32:17 / Allies) AbsoluteMSTR.: were poro
(32:21 / Allies) AbsoluteMSTR.: andyway
(32:23 / Allies) AbsoluteMSTR.: iw ant to perch
(32:24 / Allies) AbsoluteMSTR.: nto win
(32:25 / Allies) AbsoluteMSTR.: theyre borke
(32:30 / Allies) AbsoluteMSTR.: m,icahel gold me 2k
(32:33 / Allies) AbsoluteMSTR.: 3k
(32:45 / Allies) AbsoluteMSTR.: another 1k
(32:54 / Allies) AbsoluteMSTR.: i have the mini hall
(32:57 / Allies) AbsoluteMSTR.: get a dott up
(33:01 / Allies) AbsoluteMSTR.: im nreaking now
(33:09 / Allies) kungfu.panda: i have a mini hall
(33:14 / Allies) kungfu.panda: you wasted your gold
(33:30 / Allies) EuropeOldRot: im broke
(33:38 / Allies) AbsoluteMSTR.: cuz u keep batting
(33:39 / Allies) kungfu.panda: i need a staff
(33:39 / Allies) AbsoluteMSTR.: get riaders now
(33:45 / Allies) EuropeOldRot: all raider?
(33:47 / Allies) AbsoluteMSTR.: ya
(33:52 / Allies) kungfu.panda: anyone have a staff?
(33:59 / Allies) AbsoluteMSTR.: raiders are fun vs orc
(34:00 / Allies) AbsoluteMSTR.: when perching
(34:02 / Allies) AbsoluteMSTR.: et raiddrs
(34:04 / Allies) AbsoluteMSTR.: michael gold him
(34:05 / Allies) AbsoluteMSTR.: for raidre
(34:20 / Allies) AbsoluteMSTR.: ok im going up
(34:21 / Allies) kungfu.panda: anyone have a staff?
(34:21 / Allies) AbsoluteMSTR.: on right side
(34:24 / Allies) AbsoluteMSTR.: as soon as my ultimate id done
(34:26 / Allies) AbsoluteMSTR.: on my faggot hero
(34:29 / Allies) AbsoluteMSTR.: id o
(34:49 / Allies) kungfu.panda: i can make a hall up there
(34:52 / Allies) AbsoluteMSTR.: im doing it
(34:53 / Allies) kungfu.panda: are you reading this?
(34:56 / Allies) EuropeOldRot: im broke still
(35:09 / Allies) AbsoluteMSTR.: walk tree here
(35:15 / Allies) AbsoluteMSTR.: michael give toommuy 900
(35:21 / Allies) EuropeOldRot: should i uh
(35:24 / Allies) EuropeOldRot: get another hero uh
(35:27 / Allies) AbsoluteMSTR.: no
(35:28 / Allies) AbsoluteMSTR.: were broke
(35:36 / Allies) AbsoluteMSTR.: theyre broke
(35:42 / Allies) AbsoluteMSTR.: get to the chopper
(35:57 / Allies) kungfu.panda: we could afford an alch
(35:58 / Allies) EuropeOldRot: stuck tree
(36:01 / Allies) kungfu.panda: it could come in handy
(36:19 / Allies) AbsoluteMSTR.: they would have to feed every last unit htey have just to the alch
(36:20 / Allies) AbsoluteMSTR.: for it to get 6
(36:34 / Allies) kungfu.panda: well we used to have all the creeps on this side of the map
(36:45 / Allies) kungfu.panda: iguess it wouldnt work now
(37:01 / Allies) AbsoluteMSTR.: ok im up
(37:10 / Allies) AbsoluteMSTR.: get a critter
(37:10 / Allies) EuropeOldRot: how many peons shoudl i bring?
(37:11 / Allies) AbsoluteMSTR.: in my base
(37:13 / Allies) AbsoluteMSTR.: before i forget
(37:13 / Allies) kungfu.panda: i still dont have a staff
(37:21 / Allies) AbsoluteMSTR.: you tp up here with ur uhitns
(37:26 / Allies) AbsoluteMSTR.: bring everythign we can kill tu up here
(37:28 / Allies) AbsoluteMSTR.: if we odnt need it
(37:54 / Allies) kungfu.panda: should i make any dotts?
(37:56 / Allies) AbsoluteMSTR.: get a critter
(37:56 / Allies) EuropeOldRot: honk
(37:56 / Allies) AbsoluteMSTR.: someone
(38:00 / Allies) AbsoluteMSTR.: get a critter with your panda
(38:02 / Allies) AbsoluteMSTR.: before u come up
(38:03 / Allies) AbsoluteMSTR.: yeah dotts
(38:16 / Allies) EuropeOldRot: should i get a tp so that after i tp i can still tp back up if i have to?
(38:28 / Allies) AbsoluteMSTR.: yea
(38:29 / Allies) AbsoluteMSTR.: sure
(38:33 / Allies) AbsoluteMSTR.: dont get all spend happy tho
(38:42 / Allies) EuropeOldRot: i have 148 gold
(38:49 / Allies) EuropeOldRot: should i kill my own peons
(39:07 / Allies) EuropeOldRot: care ur dots
(39:22 / Allies) AbsoluteMSTR.: this is the closetst weve ever had
(39:23 / Allies) kungfu.panda: im not controlling them
(39:24 / Allies) AbsoluteMSTR.: with mines drained
(39:42 / Allies) AbsoluteMSTR.: get wisps up here
(39:45 / Allies) AbsoluteMSTR.: so we can get invinifnity wood
(39:55 / Allies) kungfu.panda: the dotts on the perch are standing sideways
(40:14 / Allies) kungfu.panda: we already have infinty wood btw
(40:20 / Allies) AbsoluteMSTR.: i mean real infinity
(40:29 / Allies) AbsoluteMSTR.: they foudn perch
(40:39 / Allies) EuropeOldRot: im coming up
(40:40 / Allies) kungfu.panda: make some towers
(41:01 / All) Way(of)Life: gay?
(41:04 / Allies) AbsoluteMSTR.: lol at orc shops
(41:09 / All) AbsoluteMSTR.: yes
(41:11 / Allies) kungfu.panda: i have 625 should i make more dotts
(41:14 / Allies) AbsoluteMSTR.: yes
(41:16 / All) Way(of)Life: thought it
(41:26 / All) AbsoluteMSTR.: those pults look useful
(41:30 / All) AbsoluteMSTR.: usa # 1
(41:44 / Allies) AbsoluteMSTR.: cm,on up
(41:48 / Allies) AbsoluteMSTR.: dotos can fly here
(41:52 / Allies) kungfu.panda: ill tp my dotts
(41:57 / Allies) kungfu.panda: its safer
(42:00 / Allies) AbsoluteMSTR.: i dont see how
(42:01 / Allies) kungfu.panda: but you know best
(42:10 / Allies) AbsoluteMSTR.: cancel that last one
(42:12 / Allies) AbsoluteMSTR.: theyre onto u
(43:15 / Allies) EuropeOldRot: all told
(43:18 / Allies) AbsoluteMSTR.: i dont think theyll put much effort into gettin gus
(43:21 / Allies) EuropeOldRot: and if they sell all items at 50 food
(43:26 / Allies) EuropeOldRot: they dont have 3500 gold really
(43:28 / Allies) AbsoluteMSTR.: yeah
(43:32 / Allies) AbsoluteMSTR.: they cant even make 20 bats
(43:36 / Allies) AbsoluteMSTR.: keep the dotts ont he ground
(43:42 / Allies) EuropeOldRot: should i slay these tree?
(43:44 / Allies) EuropeOldRot: with my epons
(43:51 / Allies) AbsoluteMSTR.: not all of them
(43:53 / Allies) AbsoluteMSTR.: jsut the really ugly ones
(43:56 / Allies) AbsoluteMSTR.: liek that one by the ehaling well
(44:02 / Allies) AbsoluteMSTR.: or no
(44:05 / Allies) AbsoluteMSTR.: that ones the least botehrsome
(44:08 / Allies) EuropeOldRot: i cant get that one
(44:08 / Allies) AbsoluteMSTR.: uc ant walk on that square
(44:34 / Allies) EuropeOldRot: peons cloggin up the works
(44:36 / Allies) EuropeOldRot: fat raiders
(44:39 / Allies) EuropeOldRot: tumbly bears
(44:45 / Allies) AbsoluteMSTR.: they dont have anything
(44:48 / Allies) AbsoluteMSTR.: that outragnes ensnare
(45:02 / Allies) kungfu.panda: all they have are those wyrms
(45:18 / Allies) kungfu.panda: and 3k collectively
(45:25 / All) AbsoluteMSTR.: just walk right up the hill
(45:29 / Allies) EuropeOldRot: what should i use bats for
(45:36 / Allies) AbsoluteMSTR.: reserve
(45:47 / Allies) AbsoluteMSTR.: he cant lure us with that wyrm
(45:47 / Allies) EuropeOldRot: i wish i had a ward guy
(45:49 / Allies) AbsoluteMSTR.: it has 300 range
(45:51 / Allies) AbsoluteMSTR.: melee air
(45:55 / Allies) AbsoluteMSTR.: i wish i had a mort
(46:18 / Allies) kungfu.panda: so did anyone get a critter?
(46:22 / Allies) EuropeOldRot: no
(46:22 / Allies) AbsoluteMSTR.: no
(46:25 / Allies) EuropeOldRot: i forgot
(46:31 / Allies) kungfu.panda: well we have dotts
(46:40 / Allies) EuropeOldRot: if they all die we're stuck tho
(46:51 / Allies) AbsoluteMSTR.: if the undead kills his land
(46:53 / Allies) EuropeOldRot: you should put one up on a hill out of harms way
(46:53 / Allies) AbsoluteMSTR.: and gets to 50 food
(46:55 / Allies) AbsoluteMSTR.: then unsummons
(46:58 / Allies) EuropeOldRot: so you dont accidentally get it slayed
(47:16 / Allies) AbsoluteMSTR.: jsut beat me has 2400 in cold hard cash
(47:16 / Allies) EuropeOldRot: they cant have even 5k gold with unsummons
(47:32 / Allies) EuropeOldRot: one is 5-1 slo
(47:43 / Allies) EuropeOldRot: one is 5-1 team
(47:47 / Allies) kungfu.panda: unguarded wyrms
(47:51 / All) nu_del: nice hack to ge
(47:54 / Allies) EuropeOldRot: all positive
(47:57 / Allies) AbsoluteMSTR.: he hacks too
(48:00 / Allies) AbsoluteMSTR.: or not
(48:03 / Allies) AbsoluteMSTR.: i dont htink they do actually
(48:04 / Allies) kungfu.panda: your hawk wasnt invis
(48:05 / All) nu_del: get this workers up there
(48:36 / Allies) EuropeOldRot: there are wards all over
(48:38 / Allies) EuropeOldRot: i dont see why though
(48:40 / Allies) AbsoluteMSTR.: look how many items he has
(48:49 / Allies) EuropeOldRot: theres still the other perch's creeps left on the map
(49:06 / Allies) EuropeOldRot: ur gonna fly over aw ard
(49:22 / Allies) AbsoluteMSTR.: naht eyre pumping bats
(49:24 / Allies) AbsoluteMSTR.: i cant gank now
(49:37 / Allies) EuropeOldRot: how to deal with bats
(49:42 / Allies) EuropeOldRot: if they come up en masse
(49:44 / Allies) EuropeOldRot: should i bat htem back
(49:47 / Allies) EuropeOldRot: or jsut focus on netting
(49:48 / Allies) AbsoluteMSTR.: ensnare
(49:49 / Allies) kungfu.panda: ensnare
(49:53 / Allies) AbsoluteMSTR.: spread your bats out in th middle
(49:56 / Allies) AbsoluteMSTR.: and dont cast concoct
(50:04 / Allies) AbsoluteMSTR.: they can win all the bat wars they want
(50:07 / Allies) AbsoluteMSTR.: it will be bad for them
(50:28 / Allies) EuropeOldRot: i only have six
(50:35 / Allies) AbsoluteMSTR.: if i had put a mana tower
(50:38 / Allies) AbsoluteMSTR.: i michaels base at start
(50:42 / Allies) AbsoluteMSTR.: we could have ignored the bm
(50:45 / Allies) AbsoluteMSTR.: and creped mid
(50:50 / Allies) AbsoluteMSTR.: the whoel game would hav egone smoother
(51:56 / Allies) AbsoluteMSTR.: ensnare if u can
(52:00 / Allies) AbsoluteMSTR.: its the most fun thign to watch
(52:05 / Allies) kungfu.panda: look at all those peons in the top left
(52:11 / Allies) AbsoluteMSTR.: get a raider
(52:14 / Allies) AbsoluteMSTR.: out on our souther promontory
(52:23 / Allies) AbsoluteMSTR.: tommy share again
(52:25 / Allies) AbsoluteMSTR.: ill onyl use for ensnare
(52:40 / Allies) EuropeOldRot: someone already has my bat selected
(52:48 / Allies) AbsoluteMSTR.: not me
(52:56 / Allies) EuropeOldRot: sweet
(52:57 / Allies) kungfu.panda: must be you
(52:58 / Allies) EuropeOldRot: that tree was an eyesore
(53:11 / Allies) EuropeOldRot: they didnt see that thing anyway
(53:41 / Allies) AbsoluteMSTR.: every peon is trapped?
(53:51 / Allies) EuropeOldRot: why do you have 2 orbs
(53:52 / Allies) AbsoluteMSTR.: im killing trees out on left side
(53:53 / Allies) AbsoluteMSTR.: they are ugly
(53:56 / Allies) AbsoluteMSTR.: i thought we might get a 2nd hero
(53:58 / Allies) EuropeOldRot: no
(53:59 / Allies) EuropeOldRot: dont
(53:59 / Allies) AbsoluteMSTR.: or one of u might not have one
(54:03 / Allies) EuropeOldRot: you cant walk there anyway
(54:06 / Allies) EuropeOldRot: and they hide my land
(54:15 / Allies) AbsoluteMSTR.: LOL
(54:19 / Allies) AbsoluteMSTR.: speed scroll for?
(54:30 / Allies) EuropeOldRot: to ram into the wall so hard
(54:32 / Allies) EuropeOldRot: that they ramp up
(54:36 / Allies) EuropeOldRot: and fly up here doing a wheelie
(54:37 / Allies) kungfu.panda: lol
(54:41 / Allies) EuropeOldRot: and fly off their motorcycle
(54:44 / Allies) EuropeOldRot: and take off some zombhie head
(54:55 / Allies) AbsoluteMSTR.: u shudl ahve invised
(54:56 / Allies) AbsoluteMSTR.: those raiders
(55:02 / Allies) AbsoluteMSTR.: hes goin for the wisps
(55:13 / Allies) kungfu.panda: bat
(55:24 / Allies) AbsoluteMSTR.: needs more ensnare
(55:42 / Allies) AbsoluteMSTR.: 2 top 2 bottom
(55:42 / Allies) AbsoluteMSTR.: raiers
(55:45 / Allies) AbsoluteMSTR.: 2 move where they are
(55:49 / Allies) EuropeOldRot: there are six raiders
(55:51 / Allies) EuropeOldRot: u noob
(55:58 / Allies) AbsoluteMSTR.: my three 2s add up to 6
(56:14 / Allies) AbsoluteMSTR.: the bait
(56:14 / Allies) kungfu.panda: lol
(56:18 / Allies) EuropeOldRot: the ones i ensnared
(56:20 / Allies) EuropeOldRot: didnt die
(56:22 / Allies) EuropeOldRot: because no damnage
(56:23 / Allies) AbsoluteMSTR.: ya
(56:49 / Allies) AbsoluteMSTR.: what int eh heck are youd oing
(57:25 / Allies) AbsoluteMSTR.: try to ensnare bats
(57:39 / Allies) AbsoluteMSTR.: my tank has been thoroughly bsed
(57:59 / Allies) AbsoluteMSTR.: lets not crap the place up with a lto of dotts
(58:02 / Allies) AbsoluteMSTR.: trap one first hten send
(58:30 / Allies) EuropeOldRot: one of those raiders is visibel
(58:39 / Allies) AbsoluteMSTR.: tahts why i wanted those fukcign trees dead
(58:42 / All) Way(of)Life: i got time
(58:47 / All) nu_del: me too :D
(58:54 / All) Way(of)Life: my pc will be on whole night
(58:57 / All) JuSt-BeaT-Me: endless game
(58:59 / Allies) kungfu.panda: they must be in a rush
(59:10 / All) Way(of)Life: proud to play like jerks?
(59:18 / All) AbsoluteMSTR.: usa # 1
(59:45 / Allies) AbsoluteMSTR.: the more dead trees the more room to fit units and ensnare
(59:49 / Allies) AbsoluteMSTR.: adn the less i dont see my own cdrap
(60:00 / Allies) AbsoluteMSTR.: theyre oplaying polygon craft they dotn even see trees on their display
(60:19 / All) AbsoluteMSTR.: if you guys unsummoned the udnead buildings
(60:24 / All) AbsoluteMSTR.: you could build more dragons
(60:30 / All) AbsoluteMSTR.: i would unsummon them all
(60:31 / All) nu_del: really?
(60:34 / All) Way(of)Life: haha i just said that
(60:40 / All) Way(of)Life: but for fuckers like you
(60:42 / All) nu_del: how u wanna know that we havnt already done this!!!!!!
(60:43 / All) Way(of)Life: its not worth it
(60:45 / All) JuSt-BeaT-Me: if u dont hack u woulnd know that
(60:49 / All) nu_del: NICE MH
(60:51 / All) nu_del: GUY
(60:56 / All) Way(of)Life: maybe leave
(60:56 / All) nu_del: LOL
(60:58 / All) kungfu.panda: fairy fire
(60:58 / All) EuropeOldRot: youre sitting in the undead base
(61:02 / All) EuropeOldRot: covered in faerie fire
(61:03 / All) EuropeOldRot: lol
(61:10 / All) nu_del: LOL
(61:49 / Allies) EuropeOldRot: the bottom is clear if you want ot go flying
(61:49 / Allies) AbsoluteMSTR.: cant kill tha totp tree?
(62:31 / Allies) EuropeOldRot: unsummoning above food gives less gold right?
(62:37 / Allies) AbsoluteMSTR.: ya
(62:39 / Allies) EuropeOldRot: not that they ahve a choice
(62:45 / Allies) AbsoluteMSTR.: he could kill fiends
(62:50 / Allies) EuropeOldRot: no way
(62:53 / Allies) EuropeOldRot: they might be useful later
(63:20 / Allies) AbsoluteMSTR.: thats alot better
(63:33 / Allies) EuropeOldRot: what about that stubby small tree near the three towers
(63:57 / Allies) AbsoluteMSTR.: raiders on guard on bottom
(64:07 / All) Way(of)Life: maybe leave plz
(64:10 / All) Way(of)Life: thats not a game
(64:12 / All) Way(of)Life: thats a joke
(64:16 / All) AbsoluteMSTR.: its a strategy
(64:18 / All) EuropeOldRot: you dont like jokes?
(64:24 / All) Way(of)Life: i dont like stupid jokes
(64:30 / All) AbsoluteMSTR.: tell us a good joke
(64:36 / All) AbsoluteMSTR.: whichever team has the best joke wins
(64:38 / All) AbsoluteMSTR.: other team has to leave
(64:42 / All) AbsoluteMSTR.: u have as long as u want to come up with one
(64:44 / All) Way(of)Life: haha sure not
(64:45 / All) AbsoluteMSTR.: and as many tries as you want
(64:54 / All) Way(of)Life: and who shall decide?
(64:57 / All) AbsoluteMSTR.: me
(65:01 / All) Way(of)Life: stupid idiot there is no jury
(65:02 / All) Way(of)Life: fool
(65:05 / Allies) EuropeOldRot: lol
(65:09 / Allies) kungfu.panda: fool!
(65:24 / Allies) EuropeOldRot: michael u never got level six?
(65:32 / Allies) kungfu.panda: no
(65:58 / Allies) kungfu.panda: there are invisible walls up here
(66:33 / Allies) AbsoluteMSTR.: bait
(66:35 / Allies) kungfu.panda: can the wards see the raiders?
(66:39 / Allies) AbsoluteMSTR.: not uphill
(66:51 / Allies) kungfu.panda: what if he has other units that can see up hill
(67:00 / Allies) EuropeOldRot: only gyros and owls
(67:11 / Allies) EuropeOldRot: the wards effect
(67:13 / Allies) kungfu.panda: but his wyrms were just there
(67:17 / Allies) EuropeOldRot: does not reach into line of seight extended
(67:19 / Allies) EuropeOldRot: by wyrms
(67:20 / Allies) AbsoluteMSTR.: u cant teamwork line of sight like that
(67:27 / Allies) kungfu.panda: you can with archers
(67:31 / Allies) EuropeOldRot: if you have a gem of true seeing
(67:36 / Allies) EuropeOldRot: your hero migh be able to see farther
(67:39 / Allies) EuropeOldRot: than the gem detects
(68:14 / Allies) AbsoluteMSTR.: theyre brooke
(68:16 / Allies) AbsoluteMSTR.: wth did they buy
(68:19 / Allies) AbsoluteMSTR.: a destroyer?
(68:23 / Allies) EuropeOldRot: bats
(68:25 / Allies) kungfu.panda: speed scrolls
(68:45 / Allies) kungfu.panda: if you guys send a hero down buy me a staff
(68:47 / Allies) EuropeOldRot: right now hes managing his pults
(69:03 / Allies) AbsoluteMSTR.: i think he can siege our very leftmost tower
(69:04 / Allies) AbsoluteMSTR.: not sure tho
(69:21 / Allies) AbsoluteMSTR.: lol
(69:24 / Allies) AbsoluteMSTR.: are they gonna staff up
(69:29 / Allies) AbsoluteMSTR.: l;ioch has a staff
(69:46 / Allies) EuropeOldRot: wtf
(70:00 / Allies) AbsoluteMSTR.: keep raider ready
(70:01 / Allies) AbsoluteMSTR.: for their iar
(70:25 / Allies) AbsoluteMSTR.: triumpjh
(70:55 / Allies) EuropeOldRot: you cant land on that
(70:58 / Allies) EuropeOldRot: if thats what hes thinking
(71:01 / All) AbsoluteMSTR.: what are all those undead buildings good for
(71:02 / All) AbsoluteMSTR.: sell them
(71:09 / All) nu_del: :D
(71:12 / All) nu_del: NO
(71:15 / Allies) AbsoluteMSTR.: fuk i wish i had bought a staff of preservagtion
(71:26 / Allies) AbsoluteMSTR.: LOL
(71:34 / Allies) AbsoluteMSTR.: aw your druids are only adept
(71:39 / Allies) AbsoluteMSTR.: no faerfieire from air form
(71:51 / Allies) EuropeOldRot: he will coil nova that thing
(71:52 / Allies) kungfu.panda: coilnova
(71:55 / Allies) AbsoluteMSTR.: tjhats what i thought
(71:58 / Allies) AbsoluteMSTR.: right before i ladned it
(72:04 / All) AbsoluteMSTR.: thanks
(72:59 / Allies) kungfu.panda: if you guys could get to pinks base
(73:05 / Allies) kungfu.panda: you would hit the jackpot
(73:07 / Allies) AbsoluteMSTR.: lol
(73:23 / Allies) AbsoluteMSTR.: we dont have much of a margin for error here
(73:27 / Allies) AbsoluteMSTR.: we better wait a while before any risky moves
(73:28 / Allies) EuropeOldRot: you could send a dott to where their left side orange creep used to be by going the long way round i guess
(73:32 / Allies) EuropeOldRot: yeah
(73:38 / Allies) EuropeOldRot: and from there staff down and wait for staff cd
(73:41 / Allies) EuropeOldRot: you might force a tp
(73:51 / Allies) AbsoluteMSTR.: bm staffing up
(73:52 / Allies) AbsoluteMSTR.: lmao
(73:55 / Allies) AbsoluteMSTR.: i wish i had a blizzman
(73:58 / Allies) EuropeOldRot: it has no orb
(74:04 / Allies) AbsoluteMSTR.: yeah but coilnova
(74:06 / Allies) EuropeOldRot: the archmage is good for highperch
(74:06 / Allies) kungfu.panda: if you go while they loligag on that cliff
(74:07 / Allies) AbsoluteMSTR.: will reach 2 screens
(74:10 / Allies) EuropeOldRot: because you can blizzthe siege
(74:23 / Allies) EuropeOldRot: and mana aura
(74:27 / Allies) EuropeOldRot: for our puny things and other heros
(74:29 / Allies) EuropeOldRot: on the perch
(74:43 / Allies) EuropeOldRot: 3 pandas is only really going to help any mroe if htey mass air and send all in
(74:52 / Allies) AbsoluteMSTR.: they cant mass anything
(74:53 / Allies) AbsoluteMSTR.: theyre broek
(75:03 / Allies) AbsoluteMSTR.: if they suld ud base at 50 food and their staffs
(75:07 / Allies) AbsoluteMSTR.: they could get liek 4 wyvs
(75:22 / Allies) AbsoluteMSTR.: when its time to staff panda over there
(75:23 / Allies) AbsoluteMSTR.: invis it first
(75:25 / Allies) AbsoluteMSTR.: then move back
(75:26 / Allies) AbsoluteMSTR.: way back
(75:28 / Allies) AbsoluteMSTR.: then staff
(75:38 / Allies) EuropeOldRot: how did you get out unseen
(75:43 / Allies) AbsoluteMSTR.: bottom isnt warded
(75:44 / Allies) AbsoluteMSTR.: i invised
(76:00 / Allies) AbsoluteMSTR.: like me
(76:15 / Allies) AbsoluteMSTR.: ok no pinging it
(76:17 / Allies) AbsoluteMSTR.: just in ase
(76:29 / Allies) AbsoluteMSTR.: wait for staff to cd
(76:33 / Allies) EuropeOldRot: maybe that bird should stay on the other perch
(76:36 / Allies) EuropeOldRot: michael are you coming
(76:40 / Allies) kungfu.panda: i cant
(76:45 / Allies) EuropeOldRot: o
(76:52 / Allies) EuropeOldRot: michael how much gold u got
(76:56 / Allies) kungfu.panda: 255
(76:57 / Allies) AbsoluteMSTR.: the tc has a staff
(76:59 / Allies) AbsoluteMSTR.: and he can stomp
(77:01 / Allies) AbsoluteMSTR.: so dont loligag
(77:03 / Allies) AbsoluteMSTR.: after u breath those peons
(77:04 / Allies) AbsoluteMSTR.: get out
(77:15 / Allies) AbsoluteMSTR.: snag that garg
(77:17 / Allies) AbsoluteMSTR.: michael
(77:18 / Allies) AbsoluteMSTR.: with ensnare
(77:18 / Allies) EuropeOldRot: remember my staff has a longer cd than yours
(77:58 / Allies) AbsoluteMSTR.: michael u watch with ensnare
(78:01 / Allies) EuropeOldRot: i bet that green air top right moves in on that stuff
(78:01 / Allies) AbsoluteMSTR.: ok tommy lets go breath
(78:31 / Allies) kungfu.panda: look at the chickens run!
(79:03 / Allies) AbsoluteMSTR.: bait him better than that
(79:10 / Allies) AbsoluteMSTR.: hes not gonna chase 6 screens
(79:12 / Allies) AbsoluteMSTR.: ensnare wyrm
(79:40 / Allies) AbsoluteMSTR.: dotn ensnare something we cant kill
(79:56 / Allies) AbsoluteMSTR.: what did they lose
(79:57 / Allies) AbsoluteMSTR.: a garg?
(80:04 / Allies) AbsoluteMSTR.: it wasnt a total disaster
(80:05 / Allies) kungfu.panda: and a wyrm i think
(80:09 / Allies) EuropeOldRot: i lost a raider
(80:12 / Allies) kungfu.panda: maybe
(81:36 / Allies) AbsoluteMSTR.: i am amazed
(81:37 / Allies) AbsoluteMSTR.: they came up
(81:44 / Allies) AbsoluteMSTR.: that was incredibly generous of them
(81:45 / Allies) AbsoluteMSTR.: lol
(82:03 / All) Way(of)Life: and now you are proud`?
(82:05 / All) Way(of)Life: leave fuckers
(82:08 / All) AbsoluteMSTR.: i am proud
(82:09 / All) AbsoluteMSTR.: usa # 1
(82:16 / All) nu_del: ?
(82:17 / Allies) AbsoluteMSTR.: lets get down there
(82:18 / All) Way(of)Life: usa sucks
(82:18 / All) nu_del: nazi?
(82:22 / All) Way(of)Life: like it always did
(82:26 / Allies) AbsoluteMSTR.: use pandas to fight
(82:27 / Allies) AbsoluteMSTR.: not birds
(82:42 / All) Way(of)Life: just a crowd of fat and lazy people with no system thats working
(82:47 / All) EuropeOldRot: baww
(82:50 / All) AbsoluteMSTR.: u mad?
(82:50 / All) EuropeOldRot: you sound bitter
(82:53 / All) AbsoluteMSTR.: our system worked great
(82:57 / All) Way(of)Life: no amerika sucks totally
(82:59 / All) nu_del: system?
(83:00 / All) nu_del: :D
(83:04 / All) AbsoluteMSTR.: look at your dead heros
(83:07 / All) AbsoluteMSTR.: you have to unsummon your base
(83:10 / All) AbsoluteMSTR.: and sellt he shirt of your back
(83:12 / All) AbsoluteMSTR.: america wealthy
(83:14 / All) AbsoluteMSTR.: america # 1
(83:24 / All) Way(of)Life: ameria sucks more then hard
(83:34 / All) AbsoluteMSTR.: unsummon all that shit hurry
(83:37 / All) AbsoluteMSTR.: and buy a blade man
(83:41 / All) AbsoluteMSTR.: to avenge your fialure
(84:16 / Allies) AbsoluteMSTR.: im geting michael a staff
(84:58 / All) AbsoluteMSTR.: usa
(85:03 / All) Way(of)Life: sucks
(85:04 / All) Way(of)Life: right
(85:06 / All) AbsoluteMSTR.: usa
(85:09 / All) EuropeOldRot: sad europeon
(85:13 / All) Way(of)Life: haha
(85:14 / All) EuropeOldRot: living in your peon poverty
(85:16 / All) AbsoluteMSTR.: hey if 30 minutes ago
(85:17 / All) EuropeOldRot: cant afford a car
(85:20 / All) AbsoluteMSTR.: we had told you you were gonna get bored and suicide
(85:23 / All) AbsoluteMSTR.: would you have believed us?
(85:31 / All) Way(of)Life: that america is the pourest nation
(85:33 / All) Way(of)Life: in the world
(85:36 / All) AbsoluteMSTR.: purest
(85:38 / All) EuropeOldRot: lol
(85:45 / All) Way(of)Life: *poor
(85:51 / All) EuropeOldRot: is that the propaganda they feed you these days
(85:58 / All) EuropeOldRot: in your country where no free media is allowed
(86:01 / All) AbsoluteMSTR.: europe used to hope to become first world nations
(86:01 / All) Way(of)Life: haha its just the truth
(86:02 / All) kungfu.panda: enjoy the eu
(86:04 / All) Way(of)Life: american just sucks
(86:05 / All) AbsoluteMSTR.: now they just hope america starts to suck
(86:06 / All) AbsoluteMSTR.: as bad as them
(86:08 / All) kungfu.panda: have fun bailing out greece
(86:09 / All) Way(of)Life: just the big citys are nice
(86:11 / All) AbsoluteMSTR.: europeans walk to the grocery market
(86:17 / All) AbsoluteMSTR.: and pay 8 euros for a cabbage
(86:19 / All) AbsoluteMSTR.: thts full of ecoli
(86:29 / Allies) AbsoluteMSTR.: here comes
(86:33 / Allies) AbsoluteMSTR.: the first tribreath
(86:34 / Allies) AbsoluteMSTR.: of the geame
(86:48 / Allies) AbsoluteMSTR.: well almost
(86:52 / Allies) AbsoluteMSTR.: all 3 were there anyway
(86:54 / Allies) AbsoluteMSTR.: thats what coudns
(87:03 / Allies) AbsoluteMSTR.: save mana
(87:04 / Allies) AbsoluteMSTR.: from now on
(87:17 / Allies) AbsoluteMSTR.: set up that quick hall
(87:19 / Allies) AbsoluteMSTR.: right under his nose
(87:26 / Allies) kungfu.panda: im sending haks to help deconstruct
(87:32 / Allies) EuropeOldRot: \im afk
(87:35 / Allies) EuropeOldRot: people are yelling at me
(88:06 / Allies) AbsoluteMSTR.: hey i said save mana
(88:31 / All) Way(of)Life: well like in the real world
(88:33 / All) Way(of)Life: the worse wins
(88:33 / All) AbsoluteMSTR.: RAPED
(88:38 / All) AbsoluteMSTR.: USA WIN FOREVER
(88:42 / All) kungfu.panda: bitter eurtrash
(88:43 / All) Way(of)Life: we will see in 30 years
(88:46 / All) AbsoluteMSTR.: LOL
(88:47 / All) AbsoluteMSTR.: PATIENT
(88:48 / All) Way(of)Life: which nation is on top
(88:49 / All) AbsoluteMSTR.: BITTER
(88:51 / All) AbsoluteMSTR.: "WAIT 30 YARS"
(88:52 / All) Way(of)Life: and it wont be the usa
(88:52 / All) AbsoluteMSTR.: LMAO
(88:57 / All) kungfu.panda: a long bitter wait
(89:04 / All) AbsoluteMSTR.: "WAIT TIL IM 70, THEN WELL SEE WHOS LAUGHING"
(89:05 / All) kungfu.panda: futile
(89:20 / All) Way(of)Life: usa have to get money from china
(89:24 / All) Way(of)Life: thats more then poor
(89:32 / All) Way(of)Life: and is the third biggest debter of germany
(89:33 / All) kungfu.panda: you mean trade?
(89:37 / All) Way(of)Life: haha so stupid
(89:54 / All) AbsoluteMSTR.: you wISH you could get money from china
(90:02 / All) AbsoluteMSTR.: china wouldnt give your country free spit
(90:06 / All) Way(of)Life: its not that hard